 Dungeon Crawl Stone Soup version 0.19-a0-1720-gc855d72 (webtiles) character file.

9576 JeffiDaFish the Covert (level 11, -14/56 HPs)
             Began as a Spriggan Enchanter on Sept 29, 2016.
             Was a Priest of Dithmenos.
             Demolished by a swamp worm (21 damage)
             ... on level 2 of the Lair of Beasts on Sept 30, 2016.
             The game lasted 00:59:08 (12786 turns).

JeffiDaFish the Covert (Spriggan Enchanter)        Turns: 12786, Time: 00:59:09

Health: -14/56     AC:  5    Str:  5    XL:     11   Next: 24%
Magic:  19/21      EV: 27    Int: 19    God:    Dithmenos [***...]
Gold:   606        SH:  0    Dex: 21    Spells: 5 memorised, 15 levels left

rFire  . . .     SeeInvis +     a - +1 dagger
rCold  . . .     Gourm    .     q - +2 robe
rNeg   . . .     Faith    .     (shield restricted)
rPois  .         Spirit   .     (helmet restricted)
rElec  .         Dismiss  .     (no cloak)
rCorr  .         Reflect  .     (gloves unavailable)
MR     +....     Harm     .     (boots unavailable)
Stlth  ++++...... Rnd*Tele +    w - amulet of regeneration
                                j - ring of teleportation (curse)
                                t - +4 ring of dexterity

@: wreathed by umbra, very quick
A: unfitting armour, see invisible, herbivore 3, speed 3, low mp 1, slow
metabolism 2, teleportitis 1, sturdy frame 1
a: Shadow Step, Renounce Religion


You were on level 2 of the Lair of Beasts.
You worshipped Dithmenos.
Dithmenos was most pleased with you.
You were not hungry.

You visited 3 branches of the dungeon, and saw 11 of its levels.

You collected 606 gold pieces.

Inventory:

Hand Weapons
 a - a +1 dagger (weapon)
 p - a +4 vampiric dagger
Missiles
 g - 2 curare-tipped needles (quivered)
Armour
 b - a +2 robe
 q - a +2 robe (worn)
Jewellery
 j - a cursed ring of teleportation (right hand)
 t - a +4 ring of dexterity (left hand)
 u - a +1 ring of protection
 w - an amulet of regeneration (around neck)
 x - an uncursed ring of protection from magic {unknown}
 B - a cursed ring of loudness {unknown}
Wands
 f - a wand of slowing (22/48)
 o - a wand of iceblast (2/15)
Scrolls
 e - 4 scrolls of fog
 r - a scroll of fear
Potions
 h - 2 potions of magic
 i - 5 potions of haste
 l - 2 potions of heal wounds
 m - a potion of flight
 n - 3 potions of curing
 z - a potion of ambrosia
Books
 c - a book of Maledictions

   Spells                             Type                      Level
   a - Corona                         Hexes                        1
   b - Ensorcelled Hibernation        Hexes/Ice                    2
   c - Confuse                        Hexes                        3
   d - Tukima's Dance                 Hexes                        3
   e - Dazzling Spray                 Conjuration/Hexes            3
 y - a book of Spatial Translocations

   Spells                             Type                      Level
   a - Apportation                    Translocation                1
   b - Blink                          Translocation                2
   c - Shroud of Golubria             Charms/Translocation         2
   d - Portal Projectile              Translocation                3
   e - Teleport Other                 Translocation                3
   f - Passage of Golubria            Translocation                4
Comestibles
 d - 2 bread rations
 k - 18 fruits
 s - 10 royal jellies
 A - 2 slices of pizza


   Skills:
 + Level 5.4 Fighting
 + Level 7.3 Short Blades
 + Level 9.8 Dodging
 + Level 11.8 Stealth
 + Level 8.3 Spellcasting
 + Level 8.4 Hexes
 + Level 5.7 Ice Magic


You had 15 spell levels left.
You knew the following spells:

 Your Spells              Type           Power        Failure   Level  Hunger
a - Corona                Hex            #####..      1%          1    None
b - Ensorcelled Hibernat  Hex/Ice        ####..       1%          2    None
c - Confuse               Hex            #####...     1%          3    None
d - Dazzling Spray        Conj/Hex       ###...       6%          3    None
e - Blink                 Tloc           N/A          14%         2    None


Dungeon Overview and Level Annotations

Branches:
Dungeon (8/15)             Temple (1/1) D:4            Lair (2/6) D:8
 Spider (0/4) Lair:2
  Swamp: Lair:2-4    Shoals: Lair:2-4

Altars:
Dithmenos
Elyvilon
Kikubaaqudgha
Qazlal
Ru

Shops:
D:6 :


Innate Abilities, Weirdness & Mutations

You are very small and have problems with some larger weapons.
You are too small for most types of armour.
You have supernaturally acute eyesight. (SInv)
You are a herbivore.
You cover ground extremely quickly.
You need consume almost no food.
Your magical capacity is low. (-10% MP)
You are occasionally teleported next to monsters.
Your movements are slightly less encumbered by armour. (ER -2)


Message History

You are too injured to fight recklessly!
You are too injured to fight recklessly!
You are too injured to fight recklessly!
You are too injured to fight recklessly!
You are too injured to fight recklessly!
You hit the swamp worm but do no damage.
The swamp worm is lightly wounded.
The swamp worm misses you.
You closely miss the swamp worm.
The swamp worm is lightly wounded.
The swamp worm is no longer blind.
The swamp worm completely misses you.
You hit the swamp worm.
The swamp worm is lightly wounded.
The swamp worm bites you!
* * * LOW HITPOINT WARNING * * *
The swamp worm is no longer blind.
The swamp worm misses you. The swamp worm barely misses you.
The swamp worm misses you. x2
The swamp worm bites you!!
You die...

#...##.#.............##
#....###..............###
#...####÷............##.#
#.......................#
#..........>..≈≈≈≈≈≈≈P#.#
#...........≈≈≈≈≈≈≈≈≈≈≈.##
#...P#.#...≈≈≈#######≈≈≈≈#
#...###....≈≈≈#≈≈≈≈≈##≈≈##
#...# #P...≈≈≈≈≈@w≈≈$#≈≈≈#
#...####...≈≈P#≈w≈≈≈##≈≈≈#
#....# #...≈≈≈#######≈≈≈##
#...†###....≈≈≈≈≈≈≈≈≈≈≈##
#...###.......≈≈≈≈≈≈≈###
#...# ##.............#
#...####.............#
.....##..............#####
.....##......#PP......#..#


You could see 2 swamp worms.

Vanquished Creatures
  A hydra (Lair:1)
  The ghost of pokedragonboy the Zephyrmancer, a novice TeAE of Vehumet (D:7)
  A black mamba (Lair:1)
  2 spiny frogs (Lair:1)
  4 komodo dragons (Lair:1)
  A two-headed ogre (D:8)
  Prince Ribbit (D:5)
  3 hippogriffs
  A tarantella (Lair:2)
  2 wyverns (Lair:2)
  6 yaks
  A water moccasin (Lair:2)
  A soldier ant (D:8)
  Duvessa (D:6)
  5 porcupines
  4 orc warriors
  A phantom (D:6)
  3 sky beasts
  2 black bears
  A necrophage (D:8)
  A wasp (D:8)
  A wolf (Lair:1)
  4 ogres
  3 centaurs
  5 crocodiles
  An elf zombie (D:7)
  4 bullfrogs
  Dowan (D:6)
  A wyvern skeleton (D:6)
  3 scorpions
  A howler monkey (D:4)
  A crimson imp (D:6)
  A centaur zombie (D:5)
  3 orc priests
  A hound (D:7)
  2 bullfrog skeletons (D:8)
  4 orc wizards
  A centaur skeleton (D:5)
  Jessica (D:2)
  Ijyb (D:2)
  An iguana (Lair:2)
  3 human skeletons (D:7)
  4 worker ants
  Robin (D:2)
  8 gnolls
  6 adders
  A howler monkey skeleton (D:5)
  5 river rats (Lair:1)
  A shadow imp (D:7)
  3 oozes
  11 worms
  2 dart slugs
  4 leopard geckos
  23 orcs
  3 ball pythons
  15 bats
  7 giant cockroaches
  14 goblins
  12 hobgoblins
  4 jackals
  7 kobolds
  3 quokkas
  2 frilled lizards
  An orc skeleton (D:7)
  An orc zombie (D:7)
  12 rats
236 creatures vanquished.

Vanquished Creatures (others)
  13 fungi
  5 plants (Lair:2)
  5 toadstools (D:1)
23 creatures vanquished.

Grand Total: 259 creatures vanquished

Notes
Turn   | Place    | Note
-------+----------+-------------------------------------------
     0 | D:1      | JeffiDaFish the Spriggan Enchanter began the quest for the Orb.
     0 | D:1      | Reached XP level 1. HP: 9/9 MP: 5/5
   105 | D:1      | Reached skill level 5 in Stealth
   105 | D:1      | Reached XP level 2. HP: 4/13 MP: 6/6
  1150 | D:1      | Learned a level 2 spell: Ensorcelled Hibernation
  1499 | D:1      | Reached XP level 3. HP: 16/16 MP: 8/8
  1831 | D:2      | Noticed Ijyb
  1880 | D:2      | Killed Ijyb
  1880 | D:2      | Reached XP level 4. HP: 7/21 MP: 0/10
  2268 | D:2      | Noticed Jessica
  2276 | D:2      | Killed Jessica
  2276 | D:2      | Reached skill level 1 in Fighting
  2304 | D:2      | Learned a level 3 spell: Confuse
  2599 | D:2      | Noticed Robin
  2683 | D:2      | Reached XP level 5. HP: 24/25 MP: 5/11
  2685 | D:2      | Reached skill level 6 in Stealth
  2881 | D:2      | Killed Robin
  2881 | D:2      | Reached skill level 1 in Ice Magic
  4041 | D:3      | Gained mutation: You are occasionally teleported next to monsters. [potion of mutation]
  4041 | D:3      | Gained mutation: Your movements are slightly less encumbered by armour. (ER -2) [potion of mutation]
  4041 | D:3      | Gained mutation: Your magical capacity is low. (-10% MP) [potion of mutation]
  4046 | D:3      | Learned a level 3 spell: Dazzling Spray
  4595 | D:4      | Found a staircase to the Ecumenical Temple.
  4626 | Temple   | Entered the Ecumenical Temple
  4637 | Temple   | Became a worshipper of Dithmenos the Shadowed
  4745 | D:4      | Noticed an ogre
  4752 | D:4      | Killed an ogre
  4752 | D:4      | Reached XP level 6. HP: 30/30 MP: 10/11
  4919 | D:4      | Found a white marble altar of Elyvilon.
  5051 | D:5      | Entered Level 5 of the Dungeon
  5364 | D:5      | Reached skill level 5 in Dodging
  5364 | D:5      | Reached XP level 7. HP: 9/34 MP: 2/13
  5857 | D:5      | Reached skill level 7 in Stealth
  5918 | D:5      | Noticed Prince Ribbit
  5923 | D:5      | Killed Prince Ribbit
  5923 | D:5      | Reached skill level 5 in Hexes
  6373 | D:5      | Reached skill level 5 in Spellcasting
  6810 | D:5      | Reached XP level 8. HP: 39/39 MP: 6/15
  6911 | D:6      | Found Seratt's Book Emporium.
  6981 | D:6      | Got an encrusted mace
  6985 | D:6      | Identified the cursed +2 mace of Internal Strife {drain, rElec} (You found it on level 6 of the Dungeon)
  7112 | D:6      | Reached skill level 8 in Stealth
  7148 | D:6      | Noticed Duvessa
  7188 | D:6      | Noticed Dowan
  7197 | D:6      | Killed Duvessa
  7252 | D:6      | Killed Dowan
  7931 | D:7      | Reached * piety under Dithmenos
  8204 | D:7      | Reached XP level 9. HP: 25/44 MP: 10/17
  8465 | D:7      | Reached skill level 9 in Stealth
  8473 | D:7      | Found a sand-covered staircase.
  8529 | D:7      | Noticed pokedragonboy's ghost (novice TeAE)
  8552 | D:7      | Killed pokedragonboy's ghost
  8552 | D:7      | Reached skill level 5 in Short Blades
  9381 | D:8      | Reached ** piety under Dithmenos
  9631 | D:8      | Reached skill level 10 in Stealth
  9790 | D:8      | Reached XP level 10. HP: 50/50 MP: 12/19
  9917 | D:8      | Found a staircase to the Lair.
 10162 | Lair:1   | Entered Level 1 of the Lair of Beasts
 10193 | Lair:1   | Noticed a spiny frog
 10199 | Lair:1   | Killed a spiny frog
 10222 | Lair:1   | Noticed a spiny frog
 10303 | Lair:1   | Reached skill level 5 in Ice Magic
 10547 | Lair:1   | Killed a spiny frog
 10547 | Lair:1   | Reached skill level 11 in Stealth
 10621 | Lair:1   | Noticed a black mamba
 10625 | Lair:1   | Killed a black mamba
 10625 | Lair:1   | Reached skill level 5 in Fighting
 10671 | Lair:1   | Noticed a five-headed hydra
 10687 | Lair:1   | Killed a five-headed hydra
 10687 | Lair:1   | Reached *** piety under Dithmenos
 10801 | Lair:1   | Learned a level 2 spell: Blink
 11054 | Lair:1   | Reached XP level 11. HP: 41/56 MP: 18/21
 11648 | Lair:2   | Noticed an eight-headed hydra
 12267 | Lair:2   | Noticed a four-headed hydra
 12610 | Lair:2   | Found a hole to the Spider Nest.
 12786 | Lair:2   | Demolished by a swamp worm

Vault maps used:
D:1:      ldierk_walled_garden, serial_park_tiny_1
D:2:      uniq_iyjb, uniq_robin, uniq_jessica
D:4:      hangedman_decor_slide_cut, elyvilon_altar_4
D:5:      first_bread, uniq_prince_ribbit1
D:6:      serial_shops, shop, uniq_duvessa
D:7:      old_forge, nicolae_ossuary_entry_catacombs, kennysheep_big_empty_room
D:8:      lair_0_dummy, hangedman_pestilent_swarm
Temple:   regret_index_temple_sigil_plot
Lair:1:   beast_lair_carwin_7, lemuel_fruit_tree, bh_autumn_forest_stairs
Lair:2:   spider_nest_entry_rubble, worms_lemuel

Skill      XL: |  1  2  3  4  5  6  7  8  9 10 |
---------------+-------------------------------+-----
Stealth        | 5 6 7 8 10 11 | 11.8
Spellcasting   | 3 4 5 6 7 8 |  8.3
Hexes          | 4 5 6 7 8 |  8.4
Fighting       | 1 2 3 4 5 |  5.4
Dodging        | 4 5 6 8 9 |  9.8
Ice Magic      | 1 2 3 4 5 |  5.7
Short Blades   | 2 3 4 5 7 |  7.3

Action                   |  1- 3 |  4- 6 |  7- 9 | 10-12 || total
-------------------------+-------+-------+-------+-------++-------
Melee: Dagger            |   171 |   280 |   702 |   384 ||  1537
 Cast: Ensorcelled Hiber |     6 |    18 |    26 |    60 ||   110
       Corona            |     1 |       |     1 |       ||     2
       Confuse           |       |    10 |    22 |    14 ||    46
       Dazzling Spray    |       |       |     5 |    12 ||    17
       Blink             |       |       |       |     1 ||     1
  Use: Scroll            |     3 |     2 |     8 |       ||    13
       Potion            |     1 |     5 |     1 |     3 ||    10
 Stab: Sleeping          |    14 |    28 |    23 |    36 ||   101
       Confused          |       |     3 |    17 |     7 ||    27
       Distracted        |       |     1 |     5 |     3 ||     9
       Invisible         |       |       |     2 |     1 ||     3
  Eat: Bread ration      |       |     1 |     1 |       ||     2
       Fruit             |       |       |     4 |       ||     4
Armor: Robe              |    27 |    31 |    48 |    11 ||   117
Dodge: Dodged            |   109 |   230 |   511 |   315 ||  1165
